 Dungeon Crawl Stone Soup version 0.31-a0-222-gefeffbb62a (webtiles) character file.

Game seed: 14418304583195219653

115 gruber the Poker (level 4, 0/39 HPs)
             Began as a Minotaur Fighter on July 5, 2023.
             Killed by nerve-wracking pain
             ... invoked by Grinder
              (5 damage)
             ... on level 3 of the Dungeon.
             The game lasted 00:01:43 (1786 turns).

gruber the Poker (Minotaur Fighter)                 Turns: 1786, Time: 00:01:44

Health: 0/39       AC:  7    Str: 23    XL:     4   Next: 68%
Magic:  3/3        EV: 10    Int:  5    God:
Gold:   143        SH:  4    Dex:  9    Spells: 3/3 levels left

rFire   . . .        a - +0 trident
rCold   + . .        c - +0 buckler
rNeg    . . .        l - +0 ring mail {rC+}
rPois   .            k - +2 hat
rElec   .            (no cloak)
rCorr   .            (no gloves)
SInv    .            (no boots)
Will    .....        (no amulet) Stlth
                     (no ring)
HPRegen 0.26/turn    (no ring)
MPRegen 0.08/turn

%: no passive effects
@: mighty
A: horns 2, retaliatory headbutt
a: no special abilities


You were on level 3 of the Dungeon.
You visited 1 branch of the dungeon, and saw 3 of its levels.

You collected 143 gold pieces.

Inventory:

Hand Weapons
 a - a +0 trident (weapon)
Armour
 c - a +0 buckler (worn)
 k - a +2 hat (worn)
 l - a +0 ring mail of cold resistance (worn)
Scrolls
 e - a scroll of immolation {unknown}
 g - a scroll of teleportation {unknown}
 j - a scroll of enchant armour {unknown}
Potions
 b - a potion of haste {unknown}
 d - a potion of might
 f - a potion of resistance {unknown}
 h - a potion of mutation {unknown}
 i - 2 potions of invisibility {unknown}


   Skills:
 - Level 3.6 Fighting
 + Level 6.0 Polearms
 - Level 3.6 Armour
 - Level 3.6 Shields


You had 3 spell levels left.
You didn't know any spells.
Your spell library contained the following spells:

 Spells                   Type           Power      Damage    Failure   Level
 Necrotise                Necr           0%         1d4       69%         1
 Vampiric Draining        Necr           0%         2d6       96%         3
 Animate Dead             Necr           0%         N/A       100%        4
 Agony                    Necr           0%         N/A       100%        5
 Orb of Destruction       Conj           0%         9d5       100%        7


Dungeon Overview and Level Annotations

Branches:
Dungeon (3/15)

Altars:

Shops:
D:2 *

Annotations:
D:2 Sigmund
D:3 Grinder


Innate Abilities, Weirdness & Mutations

You have a pair of horns on your head.
You reflexively headbutt those who attack you in melee.


Message History

A hobgoblin is nearby!
Grinder comes into view.
Grinder shouts!
Grinder moves out of view.
You reach to attack!
You puncture the hobgoblin!
You kill the hobgoblin!
You hit Grinder.
Grinder is lightly wounded.
Grinder hits you!
You writhe in agony.
You hit Grinder but do no damage. You headbutt Grinder, but do no damage.
Grinder is lightly wounded.
You block Grinder's attack.
You hit Grinder. You headbutt Grinder!
Grinder is moderately wounded.
Grinder says, "FISH!"
Grinder hits you.
You writhe in agony.
You closely miss Grinder. You headbutt Grinder, but do no damage.
Grinder is moderately wounded.
Grinder hits you.
You writhe in agony.
You barely miss Grinder. You headbutt Grinder!
Grinder is severely wounded.
Grinder hits you.
You writhe in agony.
You are too injured to fight recklessly!
You hit Grinder but do no damage. Your headbutt misses Grinder.
Grinder is severely wounded.
Grinder gestures at you.
You suddenly lose the ability to move!
Grinder gestures at you.
You barely resist. Grinder hits you.
* * * LOW HITPOINT WARNING * * *
You writhe in agony.
* * * LOW HITPOINT WARNING * * *
Grinder blinks!
You can move again.
Unknown command.
You feel very mighty all of a sudden. Grinder gestures at you.
Pain shoots through your body!
You die...

.# ###.##
.....# #....#
#..).##
#5#...####
#.##.ยง......+
#...<@...#
#####.#.## #.#
# #.# ... #.#
#.# #.# #..


You could see Grinder.

Vanquished Creatures
  2 orc priests (D:2)
  3 worms (D:2)
  A dart slug (D:1)
  An orc (D:2)
  6 endoplasms
  6 goblins
  3 hobgoblins
  2 quokkas (D:2)
  2 ball pythons (D:1)
  9 bats (D:1)
  3 kobolds
  7 rats
45 creatures vanquished.

Notes
Turn   | Place    | Note
-------+----------+-------------------------------------------
     0 | D:1      | gruber the Minotaur Fighter began the quest for the Orb.
     0 | D:1      | Reached XP level 1. HP: 19/19 MP: 0/0
   156 | D:1      | Reached skill level 3 in Polearms
   259 | D:1      | Reached XP level 2. HP: 26/26 MP: 1/1
   363 | D:1      | Reached skill level 4 in Polearms
   524 | D:1      | Got the Omnibus of Darkness and the Discharge
   894 | D:2      | Reached XP level 3. HP: 31/31 MP: 2/2
   927 | D:2      | Found Ichaq's Assorted Antiques.
  1132 | D:2      | Reached skill level 5 in Polearms
  1132 | D:2      | Reached XP level 4. HP: 34/39 MP: 3/3
  1132 | D:2      | Noticed Sigmund
  1468 | D:2      | Reached skill level 6 in Polearms
  1773 | D:3      | Noticed Grinder
  1781 | D:3      | Paralysed by Grinder for 5 turns
  1786 | D:3      | Killed from afar by Grinder

Illustrated notes

Levels and vault maps discovered:
D:1:      psy_arrival_radial01, layout_basic, minmay_fountain_box,
          minmay_misc_feat_square, minmay_box_of_dots
D:2:      layout_basic, serial_shops, shop, minmay_ruptured, uniq_sigmund
D:3:      layout_loops_corners, lemuel_doored_altar,
          ashenzari_conservatory_becter, uniq_crazy_yiuf_cottage, uniq_robin,
          uniq_ijyb, uniq_jessica, uniq_natasha, uniq_grinder

Skill      XL: |  1  2  3  4 |
---------------+-------------+-----
Polearms       | 3 4 5 6 |  6.0
Fighting       | |  3.6
Armour         | |  3.6
Shields        | |  3.6

Action                     |  1- 3 |  4- 6 || total
---------------------------+-------+-------++-------
  Melee: Trident           |    78 |    29 ||   107
         Headbutt          |     7 |     6 ||    13
    Use: Potion            |       |     1 ||     1
 Armour: Scale mail        |    24 |    10 ||    34
         Ring mail         |       |     2 ||     2
  Dodge: Dodged            |    22 |     5 ||    27
  Block: Buckler           |    13 |     6 ||    19

Table legend: (Time is in decaauts)
 A = Elapsed time spent in this place.
 B = Non-inter-level travel time spent in this place.
 C = Inter-level travel time spent in this place.
 D = Time resting spent in this place.
 E = Time spent auto-exploring this place.
 F = Levels seen in this place.
 G = Mean time per level.
                   A        B        C        D        E       F      G
               +--------+--------+--------+--------+--------+-----+--------+
         Total |   1797 |   1598 |    199 |      0 |   1280 |   3 |  599.0 |
       Dungeon |   1797 |   1598 |    199 |      0 |   1280 |   3 |  599.0 |
               +--------+--------+--------+--------+--------+-----+--------+

Top non-repeatable levels by time:
     D:1: 907 daAuts
     D:2: 876 daAuts
     D:3: 13 daAuts
